 Dungeon Crawl Stone Soup version 0.31.0-12-g77e489cdc1 (webtiles) character file.

Game seed: 10065631428129742650

8759 ChadusMaximus the Summoner (level 11, -6/81 HPs)
             Began as a Barachi Summoner on Mar 2, 2024.
             Was a Priest of Hepliaklqana.
             Engulfed by a cloud of flame (19 damage)
             ... in a volcano.
             The game lasted 00:23:34 (12515 turns).

ChadusMaximus the Summoner (Barachi Summoner)      Turns: 12515, Time: 00:23:35

Health: -6/81      AC:  9    Str:  9    XL:     11   Next: 35%
Magic:  23/23      EV: 11    Int: 25    God:    Hepliaklqana [***...]
Gold:   701        SH: 10    Dex: 14    Spells: 6/27 levels left

rFire   . . .        W - +1 sling (flame)
rCold   . . .        m - +0 buckler
rNeg    + . .        N - +1 leather armour of Woteuxke {rN+}
rPois   .            M - +2 helmet
rElec   .            (no cloak)
rCorr   .            Z - +0 pair of gloves
SInv    .            (no boots)
Will    .....        f - amulet of reflection
Stlth   ++           u - ring of wizardry
HPRegen 0.33/turn    A - +6 ring of intelligence
MPRegen 0.18/turn

%: reflection, wizardry (x1)
@: studying Fighting, slow
A: reduced essence, amphibious, slowness 1, strong legs 1, +LOS
a: Hop, Renounce Religion, Ancestor Life: Knight, Ancestor Life: Battlemage,
Ancestor Life: Hexer, Recall Ancestor, Ancestor Identity, Transference


You were in a volcano.
You worshipped Hepliaklqana.
Hepliaklqana was most pleased with you.
You visited 3 branches of the dungeon, and saw 12 of its levels.
You also visited: Ossuary and Volcano.

You collected 701 gold pieces.

Inventory:

Hand Weapons
 H - a +3 short sword
 J - a +0 sling
 W - a +1 sling of flaming (weapon)
Missiles
 B - 5 throwing nets
Armour
 a - a +0 robe
 m - a +0 buckler (worn)
 s - a +2 ring mail of cold resistance
 M - a +2 helmet (worn)
 N - the +1 leather armour of Woteuxke (worn) {rN+}
   (You found it on level 7 of the Dungeon)

   rN+:       It protects you from negative energy.
 T - +0 acid dragon scales
 Z - a +0 pair of gloves (worn)
Jewellery
 f - an amulet of reflection (around neck)
 u - a ring of wizardry (left hand)
 A - a +6 ring of intelligence (right hand)
 I - a ring of positive energy
 U - the ring "Zoiros" {Fly Will+ Dex+5}
   (You took it off a merfolk on level 9 of the Dungeon)

   [ring of willpower]

   Dex+5:     It affects your dexterity (+5).
   Will+:     It increases your willpower.
   Fly:       It grants you flight.
Talismans
 c - a granite talisman
Wands
 i - a wand of flame (2)
 o - a wand of charming (12)
 v - a wand of iceblast (6)
 L - a wand of digging (7)
 V - a wand of polymorph (5)
Scrolls
 h - 2 scrolls of enchant armour
 l - a scroll of poison
 q - 4 scrolls of fog
 y - a scroll of amnesia
 z - 2 scrolls of enchant weapon
 C - a scroll of fear
 G - 3 scrolls of immolation
 R - a scroll of teleportation
 S - a scroll of vulnerability
Potions
 b - a potion of magic
 d - 6 potions of curing
 e - 2 potions of attraction {unknown}
 g - 5 potions of berserk rage {unknown}
 j - 3 potions of haste {unknown}
 k - 2 potions of might {unknown}
 p - 4 potions of heal wounds {unknown}
 r - 5 potions of mutation {unknown}
 t - 2 potions of enlightenment {unknown}
 w - a potion of resistance {unknown}
 x - a potion of ambrosia {unknown}
 D - 3 potions of brilliance {unknown}
 F - 5 potions of lignification {unknown}
 K - a potion of cancellation {unknown}
 O - 2 potions of degeneration {unknown}


   Skills:
 + Level 10.3 Fighting
 - Level 5.1 Armour
 - Level 2.1 Dodging
 - Level 1.7 Stealth
 - Level 4.9 Shields
 + Level 8.9 Spellcasting
 * Level 14.9 Summonings


You had 6 spell levels left.
You knew the following spells:

 Your Spells              Type           Power      Damage    Failure   Level
a - Summon Small Mammal   Summ           100%       N/A       0%          1
b - Call Canine Familiar  Summ           72%        N/A       1%          3
c - Call Imp              Summ           100%       N/A       1%          2
d - Summon Lightning Spi  Summ/Air       48%        N/A       1%          4
e - Martyr's Knell        Necr/Summ      48%        N/A       1%          4
f - Summon Hydra          Summ           36%        N/A       8%          7

Your spell library contained the following spells:

 Spells                   Type           Power      Damage    Failure   Level
 Summon Ice Beast         Ice/Summ       48%        N/A       1%          3
 Summon Blazeheart Golem  Fire/Summ      48%        N/A       1%          4
 Necrotise                Necr           44%        1d6       4%          1
 Sandblast                Erth           22%        2d7       4%          1
 Sublimation of Blood     Necr           11%        N/A       6%          2
 Summon Mana Viper        Hex/Summ       48%        N/A       6%          5
 Gell's Gravitas          Tloc           11%        N/A       13%         3
 Passwall                 Erth           11%        N/A       13%         3
 Stone Arrow              Conj/Erth      22%        3d8       13%         3
 Teleport Other           Tloc           11%        N/A       13%         3
 Vampiric Draining        Necr           11%        2d6       13%         3
 Brom's Barrelling Bould  Conj/Erth      11%        2d3       38%         4
 Curse of Agony           Necr           11%        N/A       71%         5
 Dispersal                Tloc           5%         N/A       99%         6
 Monstrous Menagerie      Summ           36%        N/A       8%          7


Dungeon Overview and Level Annotations

Branches:
Dungeon (10/15)            Temple (1/1) D:5            Lair (1/5) D:8
    Orc (0/2) D:9         Ossuary (visited)         Volcano (1/1)

Altars:
Ashenzari
Cheibriados
Dithmenos
Elyvilon
Fedhas
Gozag
Hepliaklqana
Kikubaaqudgha
Makhleb
Nemelex Xobeh
Okawaru
Qazlal
Ru
Sif Muna
Trog
Uskayaw
Vehumet
Wu Jian
Xom
Yredelemnul
Zin
The Shining One

Shops:
D:5 (

Annotations:
D:4 3 runed translucent doors, dertzug's ghost, amateur AtFi


Innate Abilities, Weirdness & Mutations

Your life essence is reduced to manifest your ancestor. (-10% HP)
You are amphibious.
You cover ground slowly.
You can hop short distances.
You have an extended range of vision and can be seen from far away.


Message History

The bolt of electricity hits the fire bat!!
The fire bat bites Æðelind. Æðelind is engulfed in flames. Æðelind resists.
Your cerulean imp barely misses the fire bat. Æðelind barely misses the fire bat.
The fire bat barely misses your lightning spire.
The fire bat barely misses Æðelind. Æðelind hits the fire bat!
The fire bat dies!
Your lightning spire disappears in a puff of smoke!
Ancestor HP restored.
You swap places.
Your cerulean imp disappears in a puff of smoke!
A lava snake comes into view.
Casting: Call Imp (safe; 1% risk of failure)
Confirm with . or Enter, or press ? or * to list all spells.
An electric hum fills the air.
The lava snake hisses angrily.
Your lightning spire shoots out a bolt of lightning at the lava snake!
The bolt of electricity hits the lava snake!
Your lightning spire shoots out a bolt of lightning at the lava snake!
The bolt of electricity hits the lava snake!
The lava snake dies!
The air gets thick with the scent of sulphur.
The volcano roars to life, belching forth lava!
You are engulfed in blazing flames. Æðelind is engulfed in blazing flames.
You swap places.
You are engulfed in blazing flames.
Your lightning spire is engulfed in blazing flames. Æðelind is engulfed in blazing flames. Æðelind is engulfed in blazing flames.
Your lightning spire disappears in a puff of smoke!
Magic restored.
The volcano roars to life, belching forth lava!
You are engulfed in blazing flames.
* * * LOW HITPOINT WARNING * * *
Æðelind is engulfed in blazing flames.
You feel better.
You are engulfed in blazing flames.
* * * LOW HITPOINT WARNING * * *
Æðelind is engulfed in blazing flames.
You feel better.
You are engulfed in blazing flames.
You die...

### ### #####.###.##
##......°○°°###
#.§.....°°°.○○##
........○°°.°°°###
..≈≈.≈.≈..°°○.○°°##
§§≈≈≈≈≈§≈≈≈..°°°°°####
≈≈≈≈≈≈≈§≈≈§≈≈°°°°.○°.#
≈≈≈≈≈≈≈§§§§§§§§R@°○○°##
≈≈≈≈≈§≈≈§≈≈§§§≈○..°.°.##
≈≈≈≈≈≈≈§§§≈§§§°°○.°°°.°#
≈≈≈§≈≈≈≈§§§°○°.°○°°°.°##
.°≈§≈≈§≈§≈°○°°.°○°.○###
.≈≈≈≈§≈§§§§≈°§°°.°○°°.#
§≈§≈°≈○≈○.°○○°°##
§≈°°§°○°○°°○°###
°≈≈°≈○≈○○.°°°°.#


You could see the friendly Æðelind the ancestor.

Vanquished Creatures
  Grinder (D:3)
  2 water moccasins
  A centaur (D:9)
  A bullfrog (D:7)
  A water moccasin zombie (Ossuary)
  A killer bee (D:10)
  A bombardier beetle (D:5)
  An iguana (D:10)
  An adder (D:4)
  2 dart slugs
  A ribbon worm (D:3)
  3 orcs
  4 bats
  4 endoplasms
  A giant cockroach (D:2)
  2 goblins (D:1)
  2 hobgoblins
  6 quokkas
  7 ball pythons
  2 jackal zombies (Ossuary)
  5 kobolds
  An orc zombie (Ossuary)
  3 rats
53 creatures vanquished.

Vanquished Creatures (collateral kills)
  A catoblepas (Lair:1)
  An unseen horror (D:10)
  4 komodo dragons (D:10)
  A merfolk (D:9)
  2 hornets
  A shadow (D:10)
  2 fire bats (Volcano)
  A wyvern (D:8)
  3 yaks (D:8)
  A basilisk (D:10)
  Menkaure (D:6)
  An acid dragon (D:9)
  Duvessa (D:6)
  4 orc warriors
  2 ice beasts
  2 black bears (D:6)
  5 centaurs
  2 phantoms
  A weeping skull (Ossuary)
  4 kobold brigands
  A bullfrog (D:7)
  2 scorpions
  2 gnoll sergeants (D:9)
  2 water moccasin zombies (Ossuary)
  Dowan (D:6)
  25 killer bees
  2 howler monkeys
  A jelly (D:7)
  3 lava snakes (Volcano)
  3 orc priests (D:9)
  A spectral scorpion (Ossuary)
  3 iguanas
  A gnoll bouda (D:8)
  4 orc wizards
  A crocodile zombie (Ossuary)
  2 mummies (Ossuary)
  16 gnolls
  3 adders
  2 ufetubi (D:6)
  3 adder zombies (Ossuary)
  A dart slug (D:1)
  22 orcs
  2 ball pythons
  2 endoplasms
  A giant cockroach (D:4)
  6 gnoll zombies (Ossuary)
  A hobgoblin (D:4)
  3 jackals (D:1)
  11 kobolds
  2 quokkas (D:1)
  2 bats (D:1)
  2 frilled lizards (D:10)
  3 goblins
  A jackal zombie (Ossuary)
  2 orc zombies (Ossuary)
179 creatures vanquished.

Vanquished Creatures (others)
  An iguana (D:7)
  12 ancestors
  A gnoll (D:9)
14 creatures vanquished.

Grand Total: 246 creatures vanquished

Notes
Turn   | Place    | Note
-------+----------+-------------------------------------------
     0 | D:1      | ChadusMaximus the Barachi Summoner began the quest for the
                  | Orb.
     0 | D:1      | Reached XP level 1. HP: 13/13 MP: 3/3
    68 | D:1      | Reached skill level 5 in Summonings
   168 | D:1      | Reached XP level 2. HP: 19/19 MP: 5/5
   739 | D:1      | Reached XP level 3. HP: 20/24 MP: 7/7
  1470 | D:2      | Found a faded altar of an unknown god.
  1876 | D:2      | Learned a level 3 spell: Call Canine Familiar
  1879 | D:2      | Learned a level 2 spell: Call Imp
  1890 | D:3      | Noticed a scorpion
  1912 | D:3      | Killed a scorpion
  1913 | D:3      | Reached skill level 6 in Summonings
  1913 | D:3      | Reached XP level 4. HP: 24/30 MP: 3/9
  2062 | D:3      | Noticed Grinder
  2068 | D:3      | Paralysed by Grinder for 5 turns
  2107 | D:3      | Killed Grinder
  2108 | D:3      | Reached skill level 7 in Summonings
  2108 | D:3      | Reached XP level 5. HP: 17/35 MP: 0/11
  2108 | D:3      | Reached XP level 6. HP: 19/41 MP: 0/12
  2456 | D:3      | Found a radiant altar of Vehumet.
  3143 | D:4      | Noticed a water moccasin
  3144 | D:4      | Found a runed translucent gate.
  3144 | D:4      | Found a runed translucent gate.
  3144 | D:4      | Noticed a black bear
  3145 | D:4      | Found a runed translucent gate.
  3145 | D:4      | Noticed dertzug's ghost (amateur AtFi)
  3240 | D:4      | Found a basalt altar of Yredelemnul.
  3240 | D:4      | Found a blossoming altar of Fedhas.
  3241 | D:4      | Found an iron altar of Okawaru.
  3250 | D:4      | Found a stormy altar of Qazlal.
  3622 | D:4      | Reached skill level 8 in Summonings
  3897 | D:5      | Entered Level 5 of the Dungeon
  3938 | D:5      | Noticed a water moccasin
  3954 | D:5      | Killed a water moccasin
  3955 | D:5      | Reached XP level 7. HP: 19/46 MP: 7/13
  4280 | D:5      | Found a white marble altar of Elyvilon.
  4363 | D:5      | Found Zixoomitunn's Antique Weapon Shoppe.
  4550 | D:5      | Found a sparkling altar of Nemelex Xobeh.
  4658 | D:5      | Found a staircase to the Ecumenical Temple.
  4717 | Temple   | Entered the Ecumenical Temple
  4771 | Temple   | Became a worshipper of Hepliaklqana the Forgotten
  4968 | D:6      | Learned a level 4 spell: Summon Lightning Spire
  5039 | D:6      | Found a bloodstained altar of Trog.
  5082 | D:6      | Reached skill level 9 in Summonings
  5223 | D:6      | Reached skill level 5 in Spellcasting
  5223 | D:6      | Reached XP level 8. HP: 52/52 MP: 10/15
  5413 | D:6      | Noticed Menkaure
  5424 | D:6      | Killed Menkaure
  5645 | D:6      | Noticed Duvessa
  5648 | D:6      | Noticed Dowan
  5657 | D:6      | Killed Duvessa
  5664 | D:6      | Reached skill level 10 in Summonings
  5671 | D:6      | Killed Dowan
  6404 | D:7      | Reached skill level 1 in Fighting
  6404 | D:7      | Reached skill level 1 in Armour
  6412 | D:7      | Reached XP level 9. HP: 59/59 MP: 3/18
  6775 | D:7      | Identified the +1 leather armour of Woteuxke {rN+}
  6814 | D:7      | Reached * piety under Hepliaklqana
  6949 | D:7      | Found a sand-covered staircase.
  6958 | Ossuary  | Entered an ossuary
  6965 | Ossuary  | Reached skill level 11 in Summonings
  7535 | D:7      | Learned a level 4 spell: Martyr's Knell
  7955 | D:8      | Found a staircase to the Lair.
  8105 | D:8      | Identified the +0 leather armour of Spite {SInv}
  8226 | D:8      | Found a sacrificial altar of Ru.
  8342 | D:8      | Found an opulent altar of Gozag.
  8475 | D:8      | Reached skill level 12 in Summonings
  8635 | D:8      | Learned a level 7 spell: Summon Hydra
  8812 | D:9      | Reached skill level 5 in Fighting
  8812 | D:9      | Reached XP level 10. HP: 66/66 MP: 5/20
  9381 | D:9      | Found an ancient bone altar of Kikubaaqudgha.
  9408 | D:9      | Reached ** piety under Hepliaklqana
  9419 | D:9      | Reached skill level 5 in Armour
  9688 | D:9      | Found a glowing golden altar of the Shining One.
  9698 | D:9      | Found a snail-covered altar of Cheibriados.
  9972 | D:9      | Reached skill level 13 in Summonings
  9985 | D:9      | Identified the ring "Zoiros" {Fly Will+ Dex+5}
 10126 | D:9      | Found a hazy altar of Hepliaklqana.
 10174 | D:9      | Found a staircase to the Orcish Mines.
 10337 | D:10     | Entered Level 10 of the Dungeon
 10980 | D:10     | Reached skill level 14 in Summonings
 11085 | D:10     | Reached XP level 11. HP: 80/80 MP: 15/23
 11817 | Lair:1   | Entered Level 1 of the Lair of Beasts
 11820 | Lair:1   | Identified a scroll of acquirement
 11823 | Lair:1   | Acquired a book of Beasts
 11850 | Lair:1   | Noticed a catoblepas
 11862 | Lair:1   | Killed a catoblepas
 11863 | Lair:1   | Reached skill level 10 in Fighting
 11933 | Lair:1   | Reached *** piety under Hepliaklqana
 12030 | Lair:1   | Found a dark tunnel.
 12041 | Volcano  | Entered a volcano
 12514 | Volcano  | HP: 1/81 [something (28)]
 12515 | Volcano  | Engulfed by a cloud of flame

Illustrated notes

Levels and vault maps discovered:
D:1:      psy_arrival_spokes, layout_basic, minmay_parallelograms
D:2:      layout_loops_ring, ebering_ecumenical_altar_sacrificial
D:3:      layout_loops_corners, nicolae_vehumet_altar_sigil, uniq_grinder
D:4:      layout_loops_ring, nicolae_overflow_quartered_altars,
          gammafunk_ghost_split, nicolae_the_louvre
D:5:      layout_loops_ring, marbit_many_paths, nemelex_diamond_rough_becter,
          temple_doors_e, serial_shops, shop, minivault_11
D:6:      layout_loops_ring, nicolae_overflow_hidden_temple, uniq_menkaure,
          uniq_duvessa
D:7:      layout_basic, lightli_ossuary_entry_decrepit_ruins,
          nicolae_twisty_statue_hallways
D:8:      layout_layer_cave, mainiacjoe_overflow_tiny_flanked,
          mainiacjoe_overflow_six_doors_small, lair_entry_dummy,
          minmay_manual_mares
D:9:      layout_basic, cheibriados_altar_1, lemuel_doored_altar, tso_altar,
          hiddenorc1_lemuel, hex_intersection, roadster_trireme
D:10:     layout_gridville, minmay_lizard_king
Temple:   nicolae_temple_bog_church
Lair:1:   layout_roguey, lightli_volcano_entry_magma_tube, minivault_26,
          serial_bayou_shore_a, serial_bayou_shore_b, uniq_gastronok
Volcano:  volcano_lake [vl_original]

Skill      XL: |  1  2  3  4  5  6  7  8  9 10 11 |
---------------+----------------------------------+-----
Summonings     | 5 6 7 8 9 10 12 14 | 14.9
Spellcasting   | 3 4 5 6 7 8 |  8.9
Shields        | 2 3 4 |  4.9
Fighting       | 1 5 9 10 | 10.3
Armour         | 1 4 5 |  5.1
Dodging        | |  2.1
Stealth        | |  1.7

Action                     |  1- 3 |  4- 6 |  7- 9 | 10-12 || total
---------------------------+-------+-------+-------+-------++-------
  Melee: Mace              |    91 |    96 |    36 |       ||   223
         Short sword       |       |       |    23 |       ||    23
         Sling             |       |       |       |     3 ||     3
   Fire: Sling             |       |       |    63 |    64 ||   127
   Cast: Summon Small Mamm |    25 |     9 |    18 |     6 ||    58
         Call Canine Famil |     1 |    11 |    35 |    17 ||    64
         Call Imp          |     1 |     4 |    19 |     9 ||    33
         Summon Lightning  |       |       |    12 |    18 ||    30
         Martyr's Knell    |       |       |     4 |     3 ||     7
         Summon Hydra      |       |       |       |    12 ||    12
Ability: Hop               |     2 |       |     1 |     2 ||     5
    Use: Potion            |     1 |     1 |       |     2 ||     4
         Scroll            |       |       |     8 |     7 ||    15
   Stab: Sleeping          |     2 |     4 |     3 |       ||     9
         Distracted        |       |     1 |       |       ||     1
 Armour: Robe              |    98 |    52 |    36 |       ||   186
         Ring mail         |       |       |    18 |       ||    18
         Leather armour    |       |       |    18 |    66 ||    84
  Dodge: Dodged            |    96 |    50 |    56 |    27 ||   229
  Block: Buckler           |       |    72 |    71 |    37 ||   180
         Reflection        |       |       |     7 |     5 ||    12
